[ AOE2 MATCH · #481397602 ]
1v1 RMBohemians vs Vietnamese
Player's team · LOSS
[ REPLAY ANALYSIS · EXTRACTED FROM THE RECORDED GAME ]
Feudal
10:14
Castle
17:56
Imperial
38:02
| APM avg | 25.2 |
| APM peak | 52 |
| eAPM avg | 12.5 |
| Villagers / military | 86 / 44 |
Focus
⚔️ 23.1% · 🌾 76.9%
Skirmisher ×15 · Knight ×12 · Spearman ×6 · Archer ×3 · Hussite Wagon ×2 · Scout Cavalry ×2
Feudal
—
Castle
—
Imperial
—
| APM avg | 14.9 |
| APM peak | 35 |
| eAPM avg | 11.0 |
| Villagers / military | 94 / 65 |
Focus
⚔️ 26.9% · 🌾 73.1%
Spearman ×23 · Archer ×18 · Battle Elephant ×8 · Rattan Archer ×5 · Scorpion ×3 · Trebuchet (Packed) ×3
Match map
Initial resources + every placement click. Lines = walls · curves = elevation contours. ◆ gold · ⬟ stone · ● berries · ✦ relic · ◌ wall gap
Your base· Open — unwalled flank
murantonio's base· Open — unwalled flank
Smoothed initial terrain · ◌ = detected wall gap · hover for details
Inputs per minute
— bluecloud - - murantonio
Build order — bluecloud
First 150 of 240 actions detected
| 0:00 | Create | Villager (Male) ×4 |
| 0:01 | Create | Villager (Male) ×4 |
| 0:08 | Build | House |
| 0:18 | Build | House |
| 1:37 | Create | Villager (Male) |
| 1:59 | Build | Mill |
| 2:02 | Create | Villager (Male) |
| 2:02 | Create | Villager (Male) |
| 2:54 | Create | Villager (Male) |
| 3:16 | Create | Villager (Male) |
| 3:16 | Create | Villager (Male) |
| 3:49 | Build | House |
| 3:58 | Build | House |
| 4:02 | Create | Villager (Male) |
| 4:02 | Create | Villager (Male) |
| 4:18 | Create | Villager (Male) |
| 5:01 | Create | Villager (Male) |
| 5:01 | Create | Villager (Male) |
| 6:24 | Create | Villager (Male) |
| 6:25 | Create | Villager (Male) |
| 6:25 | Create | Villager (Male) |
| 6:25 | Create | Villager (Male) |
| 6:57 | Build | Lumber Camp |
| 7:52 | Research | Feudal Age |
| 8:06 | Build | Mining Camp |
| 9:06 | Build | House |
| 9:08 | Build | House |
| 9:21 | Build | Lumber Camp |
| 10:14 | Age | Feudal Age |
| 10:17 | Build | Barracks |
| 11:17 | Build | Stable |
| 11:39 | Build | Blacksmith |
| 11:47 | Build | Farm |
| 12:49 | Create | Spearman |
| 12:49 | Create | Spearman |
| 13:56 | Create | Spearman |
| 13:56 | Create | Spearman |
| 14:10 | Build | Archery Range |
| 14:30 | Build | Watch Tower |
| 14:45 | Build | Farm |
| 14:45 | Build | Farm |
| 14:46 | Build | Farm |
| 14:46 | Build | Farm |
| 15:09 | Build | Farm |
| 15:16 | Research | Castle Age |
| 15:19 | Create | Scout Cavalry |
| 15:20 | Create | Scout Cavalry |
| 16:11 | Build | Mining Camp |
| 16:14 | Build | Farm |
| 16:16 | Build | Farm |
| 17:04 | Build | Mining Camp |
| 17:07 | Create | Villager (Male) |
| 17:07 | Create | Villager (Male) |
| 17:10 | Create | Spearman |
| 17:34 | Build | Stone Wall |
| 17:56 | Age | Castle Age |
| 18:06 | Create | Villager (Male) |
| 18:07 | Create | Villager (Male) |
| 18:07 | Create | Villager (Male) |
| 18:07 | Create | Villager (Male) |
| 18:07 | Create | Villager (Male) |
| 18:08 | Create | Villager (Male) |
| 18:28 | Build | Lumber Camp |
| 18:30 | Create | Villager (Male) |
| 18:31 | Create | Villager (Male) |
| 19:11 | Build | House |
| 19:13 | Build | House |
| 19:51 | Create | Villager (Male) |
| 19:52 | Create | Villager (Male) |
| 20:12 | Build | Town Center |
| 20:35 | Create | Archer |
| 20:35 | Create | Archer |
| 20:35 | Create | Archer |
| 20:38 | Create | Skirmisher |
| 20:39 | Create | Skirmisher |
| 20:39 | Create | Skirmisher |
| 20:39 | Create | Skirmisher |
| 20:47 | Build | Gate |
| 20:57 | Build | Stone Wall |
| 21:37 | Create | Skirmisher |
| 21:37 | Create | Skirmisher |
| 21:45 | Build | Archery Range |
| 22:23 | Build | House |
| 22:41 | Build | Archery Range |
| 22:46 | Create | Skirmisher |
| 22:46 | Create | Skirmisher |
| 22:46 | Create | Skirmisher |
| 23:06 | Create | Villager (Male) |
| 23:09 | Research | Loom |
| 23:14 | Build | Farm |
| 23:38 | Create | Knight |
| 23:45 | Build | Farm |
| 23:48 | Build | Farm |
| 23:51 | Build | Farm |
| 24:27 | Create | Knight |
| 24:33 | Research | Elite Skirmisher (upgrade) |
| 24:37 | Create | Skirmisher |
| 24:37 | Create | Skirmisher |
| 24:50 | Build | Stone Wall |
| 24:54 | Build | Stone Wall |
| 24:58 | Create | Villager (Male) |
| 25:17 | Create | Spearman |
| 25:28 | Create | Villager (Male) |
| 25:36 | Build | Farm |
| 25:52 | Build | Mill |
| 25:53 | Build | Farm |
| 25:53 | Build | Farm |
| 25:53 | Build | Farm |
| 25:53 | Build | Farm |
| 25:54 | Build | Farm |
| 25:54 | Build | Farm |
| 25:54 | Build | Farm |
| 26:35 | Create | Knight |
| 26:35 | Create | Knight |
| 26:43 | Build | Farm |
| 26:54 | Build | Stable |
| 27:09 | Create | Skirmisher |
| 27:12 | Research | Padded Archer Armor |
| 27:16 | Build | Farm |
| 27:19 | Create | Villager (Male) |
| 27:39 | Create | Villager (Male) |
| 27:40 | Create | Villager (Male) |
| 27:53 | Build | House |
| 27:54 | Build | House |
| 27:55 | Build | House |
| 27:55 | Build | House |
| 28:05 | Build | House |
| 28:07 | Build | House |
| 28:31 | Create | Knight |
| 28:47 | Create | Villager (Male) |
| 28:47 | Create | Villager (Male) |
| 28:48 | Create | Villager (Male) |
| 28:48 | Create | Villager (Male) |
| 29:46 | Build | Monastery |
| 29:49 | Build | Farm |
| 29:52 | Create | Villager (Male) |
| 29:52 | Create | Villager (Male) |
| 29:52 | Create | Villager (Male) |
| 29:53 | Create | Villager (Male) |
| 29:53 | Create | Villager (Male) |
| 30:02 | Build | Mining Camp |
| 30:17 | Build | Stone Wall |
| 30:23 | Build | Mill |
| 30:24 | Build | Farm |
| 30:24 | Build | Farm |
| 30:24 | Build | Farm |
| 30:25 | Build | Farm |
| 30:25 | Build | Farm |
| 30:25 | Build | Farm |
| 31:04 | Create | Monk |
Build order — murantonio
First 150 of 271 actions detected
| 0:00 | Create | Villager (Male) |
| 0:03 | Build | House |
| 0:05 | Build | House |
| 1:13 | Create | Villager (Male) |
| 1:24 | Create | Villager (Male) |
| 1:52 | Create | Villager (Male) |
| 2:11 | Create | Villager (Male) |
| 2:16 | Build | Lumber Camp |
| 2:40 | Create | Villager (Male) |
| 2:57 | Create | Villager (Male) |
| 3:30 | Build | House |
| 4:09 | Create | Villager (Male) |
| 4:22 | Create | Villager (Male) |
| 5:15 | Build | Mill |
| 5:16 | Create | Villager (Male) |
| 5:16 | Create | Villager (Male) |
| 6:02 | Create | Villager (Male) |
| 6:02 | Create | Villager (Male) |
| 6:30 | Build | House |
| 6:50 | Create | Villager (Male) |
| 7:29 | Create | Villager (Male) |
| 8:03 | Build | Mining Camp |
| 8:32 | Create | Villager (Male) |
| 8:32 | Create | Villager (Male) |
| 9:08 | Create | Villager (Male) |
| 9:08 | Create | Villager (Male) |
| 9:22 | Build | Lumber Camp |
| 9:48 | Research | Feudal Age |
| 10:17 | Build | Barracks |
| 10:19 | Build | House |
| 11:11 | Create | Villager (Male) |
| 11:42 | Build | Palisade Gate |
| 11:46 | Build | House |
| 12:31 | Build | Archery Range |
| 12:35 | Research | Double-Bit Axe |
| 12:43 | Create | Villager (Male) |
| 12:54 | Build | Archery Range |
| 13:04 | Build | Blacksmith |
| 13:08 | Create | Villager (Male) |
| 13:30 | Create | Villager (Male) |
| 14:07 | Build | Farm |
| 14:09 | Build | Farm |
| 14:17 | Create | Villager (Male) |
| 14:19 | Create | Villager (Male) |
| 14:24 | Build | House |
| 14:27 | Create | Archer |
| 14:30 | Create | Archer |
| 14:30 | Create | Archer |
| 14:36 | Create | Villager (Male) |
| 15:00 | Build | Lumber Camp |
| 15:12 | Create | Archer |
| 15:13 | Create | Archer |
| 15:19 | Build | Farm |
| 15:21 | Build | Farm |
| 15:22 | Build | Farm |
| 15:25 | Build | Farm |
| 15:29 | Build | Farm |
| 15:31 | Create | Villager (Male) |
| 15:42 | Build | Farm |
| 15:47 | Create | Archer |
| 15:54 | Build | House |
| 15:56 | Build | House |
| 16:11 | Build | House |
| 16:39 | Create | Archer |
| 16:40 | Create | Archer |
| 16:56 | Create | Villager (Male) |
| 17:18 | Build | Palisade Gate |
| 17:25 | Build | Market |
| 17:32 | Build | Palisade Wall |
| 17:37 | Build | Palisade Wall |
| 17:46 | Create | Villager (Male) |
| 17:49 | Build | Farm |
| 18:07 | Create | Archer |
| 18:07 | Create | Archer |
| 18:23 | Research | Castle Age |
| 18:32 | Build | Mining Camp |
| 18:54 | Research | Horse Collar |
| 19:02 | Research | Fletching |
| 19:11 | Create | Archer |
| 19:11 | Create | Archer |
| 19:26 | Create | Spearman |
| 19:27 | Create | Spearman |
| 19:39 | Create | Villager (Male) |
| 20:07 | Create | Villager (Male) |
| 20:08 | Create | Villager (Male) |
| 20:47 | Create | Villager (Male) |
| 21:02 | Build | Farm |
| 21:03 | Build | Farm |
| 21:06 | Build | Farm |
| 21:30 | Research | Crossbowman (upgrade) |
| 22:01 | Build | Siege Workshop |
| 22:15 | Build | Town Center |
| 22:22 | Build | Farm |
| 22:24 | Build | Farm |
| 22:25 | Build | Farm |
| 22:28 | Create | Villager (Male) |
| 22:42 | Create | Archer |
| 22:43 | Create | Archer |
| 22:48 | Build | House |
| 22:50 | Build | House |
| 22:55 | Build | Monastery |
| 23:01 | Build | University |
| 23:09 | Research | Bow Saw |
| 23:12 | Research | Heavy Plow |
| 23:19 | Build | Farm |
| 23:21 | Build | Farm |
| 23:29 | Create | Villager (Male) |
| 23:39 | Create | Battering Ram |
| 23:46 | Create | Archer |
| 23:46 | Create | Archer |
| 24:00 | Research | Stone Mining |
| 24:05 | Create | Villager (Male) |
| 24:19 | Build | Farm |
| 24:41 | Create | Monk |
| 24:55 | Build | House |
| 24:57 | Build | House |
| 24:59 | Create | Villager (Male) |
| 25:00 | Create | Villager (Male) |
| 25:09 | Create | Villager (Male) |
| 25:11 | Create | Villager (Male) |
| 25:11 | Create | Villager (Male) |
| 25:25 | Build | Mining Camp |
| 25:31 | Build | Stable |
| 26:14 | Research | Thumb Ring |
| 26:35 | Research | Wheelbarrow |
| 26:37 | Create | Villager (Male) |
| 26:37 | Create | Villager (Male) |
| 26:41 | Build | Farm |
| 26:42 | Build | Farm |
| 26:43 | Build | Farm |
| 27:18 | Research | Gold Mining |
| 27:34 | Build | Farm |
| 27:35 | Build | Farm |
| 27:36 | Build | Farm |
| 27:38 | Build | Farm |
| 27:43 | Build | Farm |
| 27:49 | Create | Villager (Male) |
| 27:49 | Create | Villager (Male) |
| 27:50 | Create | Villager (Male) |
| 28:03 | Create | Villager (Male) |
| 28:03 | Create | Villager (Male) |
| 28:03 | Create | Villager (Male) |
| 28:04 | Create | Villager (Male) |
| 28:14 | Create | Villager (Male) |
| 28:15 | Create | Villager (Male) |
| 28:39 | Build | Farm |
| 28:41 | Build | Farm |
| 28:42 | Build | Farm |
| 28:46 | Create | Villager (Male) |
| 28:50 | Build | Farm |
Match timeline
| 10:14 | bluecloud · age_up feudal |
| 10:17 | bluecloud · first_building Barracks |
| 10:17 | murantonio · first_building Barracks |
| 11:17 | bluecloud · first_building Stable |
| 12:31 | murantonio · first_building Archery Range |
| 14:10 | bluecloud · first_building Archery Range |
| 17:32 | murantonio · wall_segment Palisade Wall x1 |
| 17:34 | bluecloud · wall_segment Stone Wall x11 |
| 17:37 | murantonio · wall_segment Palisade Wall x12 |
| 17:56 | bluecloud · age_up castle |
| 20:57 | bluecloud · wall_segment Stone Wall x8 |
| 22:01 | murantonio · first_building Siege Workshop |
| 22:55 | murantonio · first_building Monastery |
| 24:50 | bluecloud · wall_segment Stone Wall x5 |
| 24:54 | bluecloud · wall_segment Stone Wall x6 |
| 25:31 | murantonio · first_building Stable |
| 29:46 | bluecloud · first_building Monastery |
| 30:08 | murantonio · first_building Castle |
| 30:17 | bluecloud · wall_segment Stone Wall x7 |
| 31:29 | bluecloud · first_building Castle |
| 32:17 | bluecloud · wall_segment Stone Wall x8 |
| 32:58 | bluecloud · wall_segment Stone Wall x3 |
| 37:19 | bluecloud · first_building Siege Workshop |
| 38:02 | bluecloud · age_up imperial |
| 42:51 | bluecloud · resign |
[ AI ANALYSIS · 1 CREDIT ]
What really happened in this match?
Wolo.gg analyzes every decision: build order, eco, micro, common mistakes by bracket. Personalized analysis on WhatsApp or Discord in 30 seconds.
Civ guide
Bohemians
Map guide
Gold Rush
Perfil
Jugador #2152243